Map: Abyssal Reef LE

Players

RiSky

  • Race: Zerg Zerg
  • Spawn Location: 5:00

Impact - Winner!

  • Race: Zerg Zerg
  • Spawn Location: 11:00

Event: IEM XI Katowice - World Championship 2017

VOD

Have the link to the VOD?

Description

Time

  • Played on: Feb. 28, 2017, 4:23 a.m.
  • Length: 4:08

All games in this series

Show
View Real Time Build Order
Export as new Build Order

RiSky Zerg 

Build Orders: Pool First 

Get SALT Encoding   

  12  0:00  Drone  
  13  0:12  Overlord  
  13  0:17  Drone  
  14  0:30  Drone  
  14  0:31  Drone  
  14  0:34  Drone  
  17  0:44  Spawning Pool  
  17  0:48  Drone  
  17  1:09  Hatchery  
  17  1:11  Drone  
  17  1:30  Queen  
  17  1:31  Zergling x6  
  22  1:43  Spine Crawler, Overlord  
  21  1:53  Zergling x2  
  22  2:05  Zergling x2  
  22  2:06  Queen  
  24  2:15  Zergling x2  
  25  2:29  Zergling x4  
  27  2:36  Zergling x2  
  25  2:39  Zergling x2  
  25  2:42  Queen  
  26  2:54  Zergling x6  
  26  2:55  Zergling x4  
  28  3:14  Hatchery  
  27  3:20  Queen  
  27  3:22  Drone  
  30  3:27  Overlord  
  23  3:41  Zergling x6  
Show
View Real Time Build Order
Export as new Build Order

Impact Zerg - Winner!

Build Orders: Pool Only, Zergling Baneling 

Get SALT Encoding   

  12  0:17  Spawning Pool  
  11  0:21  Drone  
  11  0:26  Drone  
  13  0:29  Extractor  
  13  0:33  Drone  
  13  0:43  Overlord  
  13  1:04  Zergling x4  
  15  1:05  Zergling x2  
  16  1:12  Queen  
  16  1:17  Zergling x2  
  19  1:27  Zergling x2  
  19  1:32  Metabolic Boost  
  20  1:38  Zergling x2  
  21  1:49  Baneling Nest  
  20  1:55  Zergling x2  
  21  2:02  Zergling x2  
  22  2:09  Overlord  
  22  2:27  Zergling x6  
  23  2:31  Zergling x2  
  22  2:41  Zergling x2  
  22  2:53  Zergling x2  
  22  2:54  Zergling x4  
  24  3:02  Zergling x2  
  24  3:07  Baneling  
  24  3:08  Baneling x2  
  24  3:09  Baneling x2  
  24  3:11  Baneling  
  24  3:15  Zergling x2  
  24  3:19  Baneling  
  25  3:22  Zergling x2  
  25  3:39  Zergling x2  
  25  3:40  Zergling x4  
  27  3:47  Baneling  

Tags
 
Add a new tag
Caveats
  • Supply blocks, unpowered buildings, or Contaminate may cause inaccurate times.
  • Supply counts are checked every 10 seconds.